 Dungeon Crawl Stone Soup version 0.26-a0-376-g13fbb91ece (webtiles) character file.

Game seed: 13290064438548503707

74 KarvaRausku the Chiller (level 4, -2/25 HPs)
             Began as a Gargoyle Ice Elementalist on Oct 27, 2019.
             Killed from afar by Natasha (5 damage)
             ... with a magic dart
             ... on level 2 of the Dungeon on July 20, 2020.
             The game lasted 00:07:17 (2221 turns).

KarvaRausku the Chiller (Gargoyle Ice Elementalist) Turns: 2221, Time: 00:07:17

Health: -2/25      AC:  9    Str: 11    XL:     4   Next: 30%
Magic:  6/7        EV:  9    Int: 17    God:
Gold:   79         SH:  0    Dex: 10    Spells: 7/8 levels left

rFire    . . .     SeeInvis .   k - +0 mace
rCold    . . .     Faith    .   (no shield)
rNeg     + . .     Spirit   .   h - +0 scale mail
rPois    ∞         Reflect  .   (no helmet)
rElec    +         Harm     .   n - scarf {obsolete}
rCorr    .                      (no gloves)
MR       .....                  (no boots)
Stlth    +.........             (no amulet)
HPRegen  0.08/turn              (no ring)
MPRegen  0.10/turn              (no ring)

@: very slightly contaminated, slowed, very slow
A: negative energy resistance 1, electricity resistance, unbreathing,
petrification resistance, rot immunity, AC +3
a: no special abilities


You were on level 2 of the Dungeon.
You visited 1 branch of the dungeon, and saw 3 of its levels.

You collected 79 gold pieces.

Inventory:

Hand Weapons
 d - a cursed +0 whip
 f - a +0 club
 j - a +0 dagger
 k - a +0 mace (weapon)
Armour
 a - a +0 robe
 h - a +0 scale mail (worn)
 i - a +0 plate armour
 n - a scarf of cloud immunity (worn)
Jewellery
 g - an uncursed ring of protection from magic {unknown}
Wands
 r - a wand of digging (3)
Scrolls
 e - 2 scrolls of enchant armour {unknown}
 o - a scroll of blinking
 p - a scroll of magic mapping {unknown}
 q - a scroll of identify {unknown}
Potions
 b - a potion of invisibility {unknown}
 l - a potion of curing {unknown}
 m - a potion of lignification {unknown}
Comestibles
 c - 6 removed foods


   Skills:
 + Level 1.1 Fighting
 - Level 0.1 Short Blades
 + Level 0.7 Maces & Flails
 + Level 2.0 Dodging
 + Level 2.5 Stealth
 - Level 0.8 Unarmed Combat
 + Level 2.5 Spellcasting
   Level 1.1 Conjurations
 + Level 3.6 Ice Magic


You had 7 spell levels left.
You knew the following spells:

 Your Spells              Type           Power        Failure   Level
a - Freeze                Ice            ##..         26%         1

Your spell library contained the following spells:

 Spells                   Type           Power        Failure   Level
 Ozocubu's Armour         Ice            ##......     61%         3
 Hailstorm                Conj/Ice       ##......     99%         4
 Summon Ice Beast         Ice/Summ       #.......     99%         4


Dungeon Overview and Level Annotations

Branches:
Dungeon (3/15)

Altars:

Annotations:
D:2 Natasha


Innate Abilities, Weirdness & Mutations

You are resistant to torment.
Your stone body is resilient. (AC +3)
You are immune to poison.
You resist negative energy. (rN+)
You are resistant to electric shocks. (rElec)
You can survive without breathing.
You are immune to petrification.
You are immune to rotting.


Message History

You are too injured to fight recklessly!
You are too injured to fight recklessly!
You are too injured to fight recklessly!
You are too injured to fight recklessly!
You hit Natasha.
Natasha is almost dead.
Natasha claws you.
* * * LOW HITPOINT WARNING * * *
Natasha claws you but does no damage.
Casting: Freeze (safe; 26% risk of failure)
Confirm with . or Enter, or press ? or * to list all spells.
Aiming: Freeze (safe; 26% risk of failure)
Press: ? - help, Shift-Dir - straight line, f/p - Natasha
Aim: Natasha (almost dead)
You miscast Freeze.
You are very lightly contaminated with residual magic.
Nothing appears to happen.
Natasha casts a spell at you. The magic dart hits you.
You die...

#...........##.#
##.########+##.# #.#
#......#<# #.# #......#.# #.#
#......#.# ####'####......#.#
.........####'##.#
...............#.#
...............#@# ###########
...............#h###.........#
...............'......######.#
...............#.###..# #.#
.........##'#...)..#..# #.#
.........##.##.#.#.#..# #.#
.....<...##.##.#.#.#..# #.#
............##.#.#.#..# #.#
##############.#.#.#.^# #.#


You could see Natasha.

Vanquished Creatures
  Natasha (D:2)
  An adder (D:2)
  An ooze (D:1)
  A leopard gecko (D:2)
  A giant cockroach (D:1)
  3 goblins (D:1)
  7 hobgoblins
  A quokka (D:2)
  8 bats
  2 frilled lizards (D:1)
  6 kobolds
  A rat (D:1)
33 creatures vanquished.

Notes
Turn   | Place    | Note
-------+----------+-------------------------------------------
     0 | D:1      | KarvaRausku the Gargoyle Ice Elementalist began the quest
                  | for the Orb.
     0 | D:1      | Reached XP level 1. HP: 10/10 MP: 3/3
   421 | D:1      | Reached XP level 2. HP: 13/15 MP: 1/5
   725 | D:1      | Reached XP level 3. HP: 18/19 MP: 6/6
  1235 | D:2      | You fall into a shaft and drop 1 floor!
  1562 | D:2      | Noticed Natasha
  1571 | D:2      | Killed Natasha
  1571 | D:2      | Reached skill level 1 in Fighting
  1571 | D:2      | Reached XP level 4. HP: 10/25 MP: 2/7
  1977 | D:2      | Upgraded the game from 0.25-a0-58-g9dd530fc12 to
                  | 0.26-a0-376-g13fbb91ece
  2200 | D:2      | Noticed Natasha
  2221 | D:2      | Killed from afar by Natasha

Illustrated notes

Levels and vault maps discovered:
D:1:      psy_arrival_conway, layout_loops_ring, minmay_tripent
D:2:      layout_basic, uniq_natasha
D:3:      layout_loops_corners, minmay_shallow_snake_nest, uniq_robin,
          uniq_grinder

Skill      XL: |  1  2  3 |
---------------+----------+-----
Fighting       | 1 |  1.1
Dodging        | 2 |  2.0
Short Blades   | |  0.1
Maces & Flails | |  0.7
Stealth        | |  2.5
Unarmed Combat | |  0.8
Spellcasting   | |  2.5
Conjurations   | |  1.1
Ice Magic      | |  3.6

Action                   |  1- 3 |  4- 6 || total
-------------------------+-------+-------++-------
Melee: Unarmed           |    54 |       ||    54
       Club              |    19 |       ||    19
       Dagger            |    15 |       ||    15
       Mace              |    79 |    18 ||    97
 Cast: Freeze            |    19 |     2 ||    21
  Use: Scroll            |     3 |       ||     3
  Eat: Removed food      |     3 |     1 ||     4
Armor: Robe              |    32 |       ||    32
       Scale mail        |    93 |    10 ||   103
Dodge: Dodged            |   142 |    14 ||   156

Table legend: (Time is in decaauts)
 A = Elapsed time spent in this place.
 B = Non-inter-level travel time spent in this place.
 C = Inter-level travel time spent in this place.
 D = Time resting spent in this place.
 E = Time spent auto-exploring this place.
 F = Levels seen in this place.
 G = Mean time per level.
                   A        B        C        D        E       F      G
               +--------+--------+--------+--------+--------+-----+--------+
         Total |   2274 |   2240 |     34 |    594 |   1087 |   3 |  758.0 |
       Dungeon |   2274 |   2240 |     34 |    594 |   1087 |   3 |  758.0 |
               +--------+--------+--------+--------+--------+-----+--------+
